 Dungeon Crawl Stone Soup version 0.29-a0-717-g6dac4ea423 (webtiles) character file.

Game seed: 9395546772316389769

153 YayAnonymity the Cudgeller (level 5, -4/50 HPs)
             Began as a Troll Gladiator on June 26, 2022.
             Killed from afar by an orc wizard (8 damage)
             ... with a magic dart
             ... on level 3 of the Dungeon.
             The game lasted 00:02:48 (1446 turns).

YayAnonymity the Cudgeller (Troll Gladiator)        Turns: 1446, Time: 00:02:49

Health: -4/50      AC:  8    Str: 24    XL:     5   Next: 12%
Magic:  4/4        EV: 10    Int:  4    God:
Gold:   122        SH:  0    Dex: 11    Spells: 4/4 levels left

rFire   . . .      SeeInvis .   (no weapon)
rCold   . . .      Faith    .   (no shield)
rNeg    . . .      Spirit   .   b - +0 robe
rPois   +          Reflect  .   c - +0 hat
rElec   .          Harm     .   (no cloak)
rCorr   .          Rampage  .   (gloves unavailable)
Will    .....                   (boots unavailable)
Stlth   +.........              (no amulet)
HPRegen 0.96/turn               o - ring of poison resistance
MPRegen 0.09/turn               m - +4 ring of protection

@: lethally poisoned (-4 -> -5)
A: large, unfitting armour, claws 3, regeneration 1, shaggy fur 1, tough skin 1
a: no special abilities


You were on level 3 of the Dungeon.
You visited 1 branch of the dungeon, and saw 3 of its levels.

You collected 122 gold pieces.

Inventory:

Hand Weapons
 a - a +0 flail
Missiles
 d - 3 throwing nets (quivered)
 e - a large rock
Armour
 b - a +0 robe (worn)
 c - a +0 hat (worn)
Jewellery
 m - a +4 ring of protection (right claw)
 o - a ring of poison resistance (left claw)
Wands
 f - a wand of polymorph (4)
 p - a wand of mindburst (11)
Scrolls
 h - a scroll of amnesia {unknown}
 j - a scroll of immolation {unknown}
 l - a scroll of enchant weapon {unknown}
Potions
 g - 4 potions of curing
 k - a potion of brilliance {unknown}
 n - a potion of flight {unknown}
 q - 2 potions of haste


   Skills:
 + Level 2.3 Fighting
 * Level 4.0 Maces & Flails
 + Level 2.6 Throwing
 + Level 3.0 Dodging


You had 4 spell levels left.
You didn't know any spells.
Your spell library contained the following spells:

 Spells                   Type           Power      Damage    Failure   Level
 Stone Arrow              Conj/Erth      0%         3d7       86%         3
 Animate Armour           Summ/Erth      0%         N/A       99%         4
 Lehudib's Crystal Spear  Conj/Erth      0%         10d2      100%        8


Dungeon Overview and Level Annotations

Branches:
Dungeon (3/15)

Altars:


Innate Abilities, Weirdness & Mutations

You are too large for most types of armour.
You have claws for hands.
Your natural rate of healing is unusually fast.
You are covered in fur. (AC +1)
You have tough skin. (AC +1)


Message History

You hear some strange, mumbled words.
You feel sick.
A magic dart appears from out of thin air!
The magic dart hits you.
You hear some strange, mumbled words.
You are more confused.
You bump into the rock wall.
You feel sick. Something hits you but does no damage.
You feel better. Something hits you. x2
You miss something. Something hits you but does no damage. Something hits you.
You scratch something. Something hits you but does no damage.
Something hits you.
You closely miss something.
Something hits you but does no damage. x2
You are poisoned.
You miss something.
You feel sick. Something hits you. x2
You barely miss something.
You feel sick. Something hits you.
You hear some strange, mumbled words.
A puff of flame appears from out of thin air!
The puff of flame hits you.
* * * LOW HITPOINT WARNING * * *
You miss something.
You feel sick. Something hits you but does no damage. Something hits you.
* * * LOW HITPOINT WARNING * * *
You barely miss something.
You feel sick. Something hits you but does no damage. Something hits you.
* * * LOW HITPOINT WARNING * * *
You closely miss something.
You feel sick. Something completely misses you.
Something hits you but does no damage.
You barely miss something.
You feel sick.
You hear some strange, mumbled words.
Something tries to affect you, but you resist.
Something hits you.
* * * LOW HITPOINT WARNING * * *
You are more poisoned.
You miss something.
You feel sick. Something hits you.
* * * LOW HITPOINT WARNING * * *
You hear some strange, mumbled words.
A magic dart appears from out of thin air!
The magic dart hits you!
You die...

#### ..# #.#
######.############
#....@{...........#
#.####{##########.#
#o)...... #.#
########. #.# #.#
#.# #.# #.# #.#


You could see an orc.

Vanquished Creatures
  A phantom (D:2)
  3 adders
  6 orcs
  5 endoplasms
  A giant cockroach (D:1)
  3 goblins
  4 hobgoblins
  4 quokkas
  6 ball pythons
  3 bats
  2 frilled lizards (D:2)
  4 kobolds
  3 rats (D:1)
45 creatures vanquished.

Vanquished Creatures (others)
  25 plants (D:2)
25 creatures vanquished.

Grand Total: 70 creatures vanquished

Notes
Turn   | Place    | Note
-------+----------+-------------------------------------------
     0 | D:1      | YayAnonymity the Troll Gladiator began the quest for the
                  | Orb.
     0 | D:1      | Reached XP level 1. HP: 19/19 MP: 0/0
   134 | D:1      | Reached XP level 2. HP: 25/28 MP: 1/1
   227 | D:1      | Reached skill level 3 in Maces & Flails
   520 | D:2      | Found a faded altar of an unknown god.
   565 | D:2      | Reached XP level 3. HP: 34/35 MP: 2/2
   623 | D:2      | Noticed a phantom
   636 | D:2      | Killed a phantom
   637 | D:2      | Reached XP level 4. HP: 37/42 MP: 3/3
  1339 | D:3      | Reached XP level 5. HP: 50/50 MP: 4/4
  1426 | D:3      | Reached skill level 4 in Maces & Flails
  1446 | D:3      | Killed from afar by an orc wizard

Illustrated notes

Levels and vault maps discovered:
D:1:      elethiomel_arrival_quiet, layout_rooms, minivault_23,
          minmay_misc_feat_room, serial_bayou_crossing
D:2:      layout_rooms, serial_bayou, serial_bayou_lake_a, serial_bayou_shore_a,
          serial_bayou_shore_b, serial_bayou_lagoon_a, serial_bayou_lagoon_b,
          serial_bayou_ford_a, shapermc_ecumenical_altar_totnotflames,
          dk_noncrumbling_4, lemuel_old_faithful
D:3:      layout_loops_ring, uniq_crazy_yiuf_cottage

Skill      XL: |  1  2  3  4  5 |
---------------+----------------+-----
Maces & Flails | 3 4 |  4.0
Throwing       | 2 |  2.6
Fighting       | 2 |  2.3
Dodging        | 3 |  3.0

Action                   |  1- 3 |  4- 6 || total
-------------------------+-------+-------++-------
Melee: Unarmed           |    71 |    80 ||   151
       Flail             |    10 |       ||    10
       Punch             |     1 |       ||     1
  Use: Scroll            |       |     2 ||     2
       Potion            |       |     1 ||     1
 Stab: Sleeping          |     2 |       ||     2
Armor: Robe              |    23 |    44 ||    67
Dodge: Dodged            |    29 |    33 ||    62

Table legend: (Time is in decaauts)
 A = Elapsed time spent in this place.
 B = Non-inter-level travel time spent in this place.
 C = Inter-level travel time spent in this place.
 D = Time resting spent in this place.
 E = Time spent auto-exploring this place.
 F = Levels seen in this place.
 G = Mean time per level.
                   A        B        C        D        E       F      G
               +--------+--------+--------+--------+--------+-----+--------+
         Total |   1527 |   1491 |     36 |      0 |   1131 |   3 |  509.0 |
       Dungeon |   1527 |   1491 |     36 |      0 |   1131 |   3 |  509.0 |
               +--------+--------+--------+--------+--------+-----+--------+

Top non-repeatable levels by time:
     D:2: 887 daAuts
     D:1: 510 daAuts
     D:3: 129 daAuts
